Cogmind - Beta 17.1 @@@ ROGUE MODE // 2026.09.02 @ 03:15:11 Player: Godsword Result: Self-destructed Performance ------------- Evolutions (2) 1000 Regions Visited (5) 1000 Robots Destroyed (24) 120 Value Destroyed (315) 315 Prototype IDs (5) 100 Alien Tech Used (0) 0 Bonus (0) 0 TOTAL SCORE: 2535 Bonus ------- None Cogmind --------- Core Integrity 394/550 Matter 220/300 Energy 160/160 System Corruption 0% Temperature Cool (0) Movement Flying (37) Location -8/Materials Parts ------- > --- POWER (1) -------- Light Nuclear Core > --- PROPULSION (3) --- Flight Unit Improved Flight Unit > --- UTILITY (4) ------ Advanced Targeting Computer System Shield > --- WEAPON (3) ------- Improved EM Shotgun Mini Grenade Launcher > --- INVENTORY (5) ---- Improved Heat Sink Machine Analyzer Transport Network Coupler Peak State ------------ > --- POWER ------------ Ion Engine > --- PROPULSION ------- VTOL Module Improved Flight Unit Cesium-ion Thruster > --- UTILITY ---------- Weight Redist. System Sensor Array Advanced Targeting Computer > --- WEAPON ----------- Light Assault Rifle Improved Assault Rifle Enhanced Autogun > --- INVENTORY -------- Light Ion Engine Improved Heat Sink Transport Network Coupler Light Armor Plating Rocket Launcher [Rating: 23] Favorites ----------- Power Ion Engine Engine Ion Engine Power Core Light Nuclear Core Propulsion Improved Flight Unit Flight Unit Improved Flight Unit Utility Weight Redist. System Device Weight Redist. System Processor Advanced Targeting Computer Hackware System Shield Protection Light Armor Plating Weapon Light Assault Rifle Energy Gun Improved EM Shotgun Energy Cannon EM Pulse Cannon Ballistic Gun Light Assault Rifle Launcher Mini Grenade Launcher Build | -11 -10 -10 -9 -9 -8 ------- Run | Yrd Mat Min Mat Min Mat Slots Evolved 4 | . . . 2 . 2 Power . | . . . . . . Propulsion 1 | . . . 1 . . Utility 2 | . . . . . 2 Weapon 1 | . . . 1 . . Parts Attached 27 | 3 . 1 6 2 15 Power 4 | . . . 1 . 3 Engine 3 | . . . 1 . 2 Core 1 | . . . . . 1 Reactor . | . . . . . . Propulsion 6 | . . . 2 . 4 Treads . | . . . . . . Leg . | . . . . . . Wheel . | . . . . . . Hover . | . . . . . . Flight 6 | . . . 2 . 4 Utility 6 | 1 . 1 1 . 3 Device 3 | 1 . 1 1 . . Storage . | . . . . . . Processor 1 | . . . . . 1 Hackware 1 | . . . . . 1 Protection 1 | . . . . . 1 Artifact . | . . . . . . Weapon 11 | 2 . . 2 2 5 Energy Gun 1 | . . . . . 1 Energy Cannon 2 | . . . 1 . 1 Ballistic Gun 6 | 2 . . 1 2 1 Ballistic Cannon . | . . . . . . Launcher 2 | . . . . . 2 Special Weapon . | . . . . . . Impact Weapon . | . . . . . . Slashing Weapon . | . . . . . . Piercing Weapon . | . . . . . . Special Melee Weapon . | . . . . . . Unidentified Prototypes 5 | . . . 3 . 2 Parts Lost 13 | . . 1 . . 12 Power 2 | . . . . . 2 Propulsion 4 | . . . . . 4 Utility 4 | . . 1 . . 3 Weapon 3 | . . . . . 3 Highest Loss Streak 9 | . . 1 . . 9 To Critical Strikes . | . . . . . . Average Backups 3 | . 1 3 4 4 3 Power . | . . . . . . Propulsion . | . . . . . . Utility 2 | . . 1 2 3 2 Weapon 1 | . . 2 2 1 . Tool/Special . | . . . . . . Unused Backups 5 | . . . 1 1 3 Power . | . . . . . . Propulsion . | . . . . . . Utility 3 | . . . . . 3 Weapon 2 | . . . 1 1 . Tool/Special . | . . . . . . Average Slot Usage (%) 59 | . 42 36 53 88 65 Engine 4 | . . . 2 11 5 Flight 11 | . . . 5 22 19 Device 14 | . 14 8 20 22 10 Processor 2 | . . . . . 7 Hackware 1 | . . . . . 4 Ballistic Gun 22 | . 28 28 25 33 7 Peak Build Rating 23 | 5 5 5 14 14 23 Average Rating 9 | 1 5 3 7 14 15 On Entrance 6 | . 5 5 3 14 14 Avg Prop Armor Cover (%) 2 | . . . . . 2 Naked Turns . | . . . . . . Heaviest Build 12 | 3 3 3 11 11 12 Greatest Support 20 | 3 3 3 15 15 20 Greatest Overweight (x) . | . . . . . . Average Overweight (x) . | . . . . . . Largest Inventory Capacity 5 | 5 5 5 5 5 5 Average Capacity 5 | 5 5 5 5 5 5 Most Carried 5 | . 3 5 5 5 5 Average Carried 3 | . 1 3 4 4 3 Final Capacity 5 | 5 5 5 5 5 5 Final Carried 5 | . 3 5 5 5 3 Class Distribution -------------------- 70% | Mutant 29% | Skirmisher Dominant Class ---------------- Mutant | -10/Materials Mutant | -10/Mines Mutant | -9/Materials Skirmisher | -9/Mines Mutant | -8/Materials Resources | -11 -10 -10 -9 -9 -8 ----------- Run | Yrd Mat Min Mat Min Mat Matter Collected 522 | 250 . 21 71 80 100 Remotely . | . . . . . . Salvage Created 648 | 170 . 55 171 37 215 Parts 52 | 16 . 2 6 4 24 Haulers Intercepted 2 | . . . 1 . 1 Recyclers Shooed 1 | 1 . . . . . Parts Field Recycled . | . . . . . . Retrieved Matter . | . . . . . . Parts Self-Destructed . | . . . . . . Prevented . | . . . . . . Parts Restored . | . . . . . . Kills | -11 -10 -10 -9 -9 -8 ------- Run | Yrd Mat Min Mat Min Mat Combat Hostiles Destroyed 12 | . . 1 1 3 7 Guns 6 | . . 1 1 3 1 AOE 6 | . . . . . 6 Classes Destroyed 8 | 2 . 1 1 1 3 Worker 1 | . . . . . 1 Builder 1 | . . . . . 1 Tunneler 5 | 4 . . . . 1 Hauler 2 | . . . 1 . 1 Recycler 3 | 1 . . 1 . 1 Swarmer 7 | . . . . 3 4 Cutter 2 | . . . . . 2 Grunt 3 | . . 1 1 . 1 Best Kill Streak 9 | 3 . 1 3 3 9 Combat Bots Only 6 | . . 1 1 3 6 Max Kills in Single Turn 3 | 1 . 1 1 1 3 Gunslinging . | . . . . . . Exploded 2 | . . . . . 2 Melee . | . . . . . . Uniques/NPCs Destroyed . | . . . . . . Combat | -11 -10 -10 -9 -9 -8 -------- Run | Yrd Mat Min Mat Min Mat Hostile Shots Fired 128 | . 1 9 11 21 86 Missed 54 | . 1 4 4 6 39 Hits 74 | . . 5 7 15 47 Melee 3 | . . . . . 3 Projectile 71 | . . 5 7 15 44 AOE 2 | . . . . . 2 Critical Strikes 3 | . . . . . 3 Damage Taken 1064 | . . 82 97 121 764 Core 251 | . . 46 33 16 156 Absorbed by Shields . | . . . . . . Core Remaining (%) 89 | 100 . 81 . 87 . Volleys Fired 44 | 10 . 8 11 8 7 Largest 3 | 2 . 2 3 3 2 Hottest 93 | 40 . 40 63 63 93 Shots Fired 98 | 20 . 16 25 24 13 Gun 90 | 20 . 16 25 24 5 Cannon 1 | . . . . . 1 Launcher 7 | . . . . . 7 Special . | . . . . . . Kinetic 90 | 20 . 16 25 24 5 Thermal . | . . . . . . Explosive 7 | . . . . . 7 Electromagnetic 1 | . . . . . 1 Robot Hit Streak 6 | 6 . 3 5 3 5 Robot Miss Streak 4 | 3 . 3 3 4 2 Penetration Max . | . . . . . . Secondary Targets 1 | . . . . 1 . Max Gunslinging Chain 1 | . . . . 1 . Shots Hit Robots 57 | 13 . 9 14 12 9 Core Hits 42 | 10 . 5 6 4 17 Critical Kills . | . . . . . . Critical Parts Destroyed . | . . . . . . Critical Strikes . | . . . . . . Melee Attacks . | . . . . . . Impact . | . . . . . . Slashing . | . . . . . . Piercing . | . . . . . . Sneak Attacks . | . . . . . . Combat Hostiles . | . . . . . . Follow-up Attacks . | . . . . . . Damage Inflicted 1174 | 109 . 69 137 143 716 Guns 481 | 109 . 69 137 143 23 Cannons 25 | . . . . . 25 Explosions 668 | . . . . . 668 Melee . | . . . . . . Ramming . | . . . . . . Kinetic 481 | 109 . 69 137 143 23 Thermal . | . . . . . . Explosive 668 | . . . . . 668 Electromagnetic 25 | . . . . . 25 Impact . | . . . . . . Slashing . | . . . . . . Piercing . | . . . . . . Highest Corruption . | . . . . . . Average Corruption . | . . . . . . Corruption Purged . | . . . . . . Corruption Blocked . | . . . . . . Overload Shots . | . . . . . . Overflow Damage 16 | . . . . . 16 Projectiles . | . . . . . . Explosions 16 | . . . . . 16 Melee . | . . . . . . Knockbacks . | . . . . . . Impact . | . . . . . . Kinetic . | . . . . . . Secondary . | . . . . . . Self-Inflicted Damage 73 | . . . . . 73 Shots 2 | . . . . . 2 Rammed . | . . . . . . Targets Rammed . | . . . . . . Kicked . | . . . . . . Crushed . | . . . . . . Highest Temperature 40 | . . 4 9 40 15 Average Temperature 17 | . . 4 6 25 7 Received Heat Transfer 345 | . . 45 21 . 279 Siege Activations . | . . . . . . Martial Activations . | . . . . . . Shielding Activations . | . . . . . . Robots Disrupted . | . . . . . . Combat Hostiles . | . . . . . . Robots Corrupted . | . . . . . . Combat Hostiles . | . . . . . . Parts Fried . | . . . . . . Impact Corruptions . | . . . . . . Robots Melted . | . . . . . . Combat Hostiles . | . . . . . . Parts Melted . | . . . . . . Heat Transferred . | . . . . . . Parts Sabotaged . | . . . . . . Parts Stolen . | . . . . . . Parts Stripped . | . . . . . . Power Chain Reactions . | . . . . . . Alert | -11 -10 -10 -9 -9 -8 ------- Run | Yrd Mat Min Mat Min Mat Maximum Alert Level 1 | . . . . . 1 Low Security (%) 88 | 100 100 100 100 100 60 Level 1 11 | . . . . . 39 Level 2 . | . . . . . . Level 3 . | . . . . . . Level 4 . | . . . . . . Level 5 . | . . . . . . High Security . | . . . . . . Max Security . | . . . . . . Peak Influence 307 | 5 12 45 27 60 307 Initial 13 | . 3 . 13 4 11 Average 56 | 2 6 20 13 31 155 Influence Increases 688 | 25 9 75 32 70 477 Destroy 0b10 Robot/C 240 | . . 20 20 60 140 Destroy 0b10 Robot/NC 60 | 25 . . 10 . 25 Destroy Leader 44 | . . 10 2 10 22 Successful Hack 9 | . 9 . . . . Disable Machine 30 | . . . . . 30 Destroy Structure 35 | . . . . . 35 Partial Spotted 15 | . . . . . 15 Lose Combat Pursuer 255 | . . 45 . . 210 Influence Decreases 391 | 20 12 42 55 52 210 Entered New Map 53 | . 2 2 22 8 19 Time Decay 227 | 20 10 40 33 44 80 Lost Part 111 | . . . . . 111 Squads Dispatched 3 | . . . . . 3 Investigation 1 | . . . . . 1 Extermination . | . . . . . . Reinforcement 2 | . . . . . 2 Assault . | . . . . . . Garrison . | . . . . . . Intercept . | . . . . . . Searches Triggered . | . . . . . . Construction Impeded . | . . . . . . Haulers Reinforced . | . . . . . . Active Scanning Responses . | . . . . . . Cargo Convoy Interrupts . | . . . . . . Stealth | -11 -10 -10 -9 -9 -8 --------- Run | Yrd Mat Min Mat Min Mat Distress Signals 5 | . . . 2 . 3 Communications Jammed . | . . . . . . Distress Signals . | . . . . . . Times Spotted 47 | . 4 4 7 3 29 Peak Tracking Total 16 | . 4 2 6 3 16 Tactical Retreats 7 | . . 2 . . 5 Traps | -11 -10 -10 -9 -9 -8 ------- Run | Yrd Mat Min Mat Min Mat Traps Triggered . | . . . . . . Indirectly . | . . . . . . Trap Hack Attempts . | . . . . . . Triggered . | . . . . . . Disarmed . | . . . . . . Reprogrammed . | . . . . . . Reused . | . . . . . . Traps Extracted . | . . . . . . Installed . | . . . . . . Triggered . | . . . . . . Machines | -11 -10 -10 -9 -9 -8 ---------- Run | Yrd Mat Min Mat Min Mat Machines Disabled 2 | . . . . . 2 Max in Single Turn 1 | . . . . . 1 Machines Repaired . | . . . . . . Machines Dismantled . | . . . . . . Machines Sabotaged . | . . . . . . Overloaded Fab Kills . | . . . . . . Hacking | -11 -10 -10 -9 -9 -8 --------- Run | Yrd Mat Min Mat Min Mat Machines Accessed 2 | . 1 . . . 1 Terminals 2 | . 1 . . . 1 Fabricators . | . . . . . . Repair Stations . | . . . . . . Recycling Units . | . . . . . . Scanalyzers . | . . . . . . Garrison Access . | . . . . . . Total Hacks 4 | . 2 . . . 2 Successful 1 | . 1 . . . . Failed 3 | . 1 . . . 2 Catastrophic 2 | . 1 . . . 1 Database Lockouts . | . . . . . . Manual 2 | . 2 . . . . Terminals 4 | . 2 . . . 2 Fabricators . | . . . . . . Repair Stations . | . . . . . . Recycling Units . | . . . . . . Scanalyzers . | . . . . . . Garrison Access . | . . . . . . Terminal Hacks 1 | . 1 . . . . Level Access Points 1 | . 1 . . . . Fabricator Hacks . | . . . . . . Repair Station Hacks . | . . . . . . Recycling Unit Hacks . | . . . . . . Scanalyzer . | . . . . . . Garrison Access Hacks . | . . . . . . Unauthorized Hacks . | . . . . . . Terminals . | . . . . . . Fabricators . | . . . . . . Repair Stations . | . . . . . . Recycling Units . | . . . . . . Scanalyzers . | . . . . . . Garrison Access . | . . . . . . Data Cores Recovered . | . . . . . . Used . | . . . . . . Hacking Detections 2 | . 1 . . . 1 Full Trace Events 1 | . . . . . 1 Feedback Events . | . . . . . . Feedback Blocked . | . . . . . . Robot Schematics Acquired . | . . . . . . Robots Built . | . . . . . . Authchips . | . . . . . . Time . | . . . . . . Total Robot Build Rating . | . . . . . . Part Schematics Acquired . | . . . . . . Parts Built . | . . . . . . Authchips . | . . . . . . Time . | . . . . . . Total Part Build Rating . | . . . . . . Part Studies Acquired . | . . . . . . Parts Repaired . | . . . . . . Time . | . . . . . . Parts Recycled . | . . . . . . Recycled Matter . | . . . . . . Retrieved Matter . | . . . . . . Retrieved Components . | . . . . . . Parts Scanalyzed . | . . . . . . Part Schematics Acquired . | . . . . . . Parts Damaged . | . . . . . . Bothacking | -11 -10 -10 -9 -9 -8 ------------ Run | Yrd Mat Min Mat Min Mat Used RIF Installer . | . . . . . . Robots Hacked . | . . . . . . Non-combat . | . . . . . . Combat . | . . . . . . Robot Hacks Applied . | . . . . . . Relay Couplers Released . | . . . . . . Fabnet Peak Effective % . | . . . . . . Robots Rewired . | . . . . . . Allies Hacked . | . . . . . . Hacks Repelled . | . . . . . . Allies | -11 -10 -10 -9 -9 -8 -------- Run | Yrd Mat Min Mat Min Mat Total Allies . | . . . . . . Largest Group . | . . . . . . Highest-Rated Group . | . . . . . . Highest-Rated Ally . | . . . . . . Total Orders . | . . . . . . Ally Attacks . | . . . . . . Total Damage . | . . . . . . Kills . | . . . . . . Allies Corrupted . | . . . . . . Allies Melted . | . . . . . . Intel | -11 -10 -10 -9 -9 -8 ------- Run | Yrd Mat Min Mat Min Mat Active Infowar (turns) 340 | 3 37 58 91 110 41 Sensors 266 | . . 24 91 110 41 Terrain 74 | 3 37 34 . . . Robot Analysis Total . | . . . . . . Derelict Logs Recovered 1 | . . 1 . . . Drone Launches . | . . . . . . Drone Recoveries . | . . . . . . Exploration | -11 -10 -10 -9 -9 -8 ------------- Run | Yrd Mat Min Mat Min Mat Turns Passed 585 | 70 37 113 91 110 164 Spaces Moved 872 | 36 68 142 112 214 300 Core 322 | 36 68 142 65 . 11 Treads . | . . . . . . Legs . | . . . . . . Wheels . | . . . . . . Hover . | . . . . . . Flight 550 | . . . 47 214 289 Fastest Speed 30 | 50 50 50 34 34 30 Average Speed 40 | 50 50 50 45 34 36 Slowest Speed 50 | 50 50 50 50 34 50 Overloaded Moves . | . . . . . . Propulsion Burnouts . | . . . . . . Robots Hopped 9 | . . . 1 1 7 Potential Cave-ins . | . . . . . . Cave-ins Triggered . | . . . . . . Exploration Rate (%) 28 | 3 18 41 17 46 47 Regions Visited 5 Branch Regions 2 Pre-discovered Areas . | . . . . . . Known Exits Taken 1 | . . 1 . . . Unknown Exits Taken 4 | 1 1 . 1 1 . Scrap Searched 3 | . . 2 . 1 . Spaces Dug . | . . . . . . Terrain Destroyed 33 | . . . . . 33 Melee . | . . . . . . Projectile . | . . . . . . AOE 33 | . . . . . 33 Terrain Rammed . | . . . . . . Walls Destroyed . | . . . . . . Machines Disabled . | . . . . . . Actions | -11 -10 -10 -9 -9 -8 --------- Run | Yrd Mat Min Mat Min Mat Total 1005 | 69 70 170 130 236 330 Wait 59 | 21 . 18 . 10 10 Move 850 | 35 67 141 109 211 287 Hop 8 | . . . 1 1 6 Pick Up 9 | . 3 2 1 1 2 Fast Attach 21 | 3 . 1 6 . 11 Attach 4 | . . . . . 4 Detach . | . . . . . . Swap 3 | . . . . 2 1 Drop 7 | . . . 2 3 2 Fire 44 | 10 . 8 11 8 7 Melee . | . . . . . . Ram . | . . . . . . Kick . | . . . . . . Crush . | . . . . . . Escape Stasis . | . . . . . . Rewire . | . . . . . . Trap . | . . . . . . Miscellaneous . | . . . . . . Route ------- -11/Scrapyard -10/Materials (discovered 4 exits: Mat x3 / [*Min]) -10/Mines -9/Materials -9/Mines -8/Materials History --------- Turn | Location | Event 3 | -11/Scrapyard | Discovered new exit (range 15) 71 | -11/Scrapyard | Entered Materials 74 | -10/Materials | Identified exit to Materials 106 | -10/Materials | Discovered new exit (range 6) 108 | -10/Materials | Entered Mines 182 | -10/Mines | Discovered exit to Materials (range 11) 191 | -10/Mines | Received a Rocket Launcher from a helpful Derelict 204 | -10/Mines | Learned Materials trap positions 221 | -10/Mines | Entered Materials 221 | -9/Materials | Evolved 2 slots: Propulsion x1, Weapon x1 222 | -9/Materials | Loaded intel: 15 trap records 307 | -9/Materials | Discovered new exit (range 11) 312 | -9/Materials | Entered Mines 327 | -9/Mines | Assembled infested the area 332 | -9/Mines | Assisted by a Guerilla fighting off Assembled 418 | -9/Mines | Discovered new exit (range 11) 422 | -9/Mines | Entered Materials 422 | -8/Materials | Evolved 2 slots: Utility x2 521 | -8/Materials | Lost 9 parts (1p4n1u3w) 586 | -8/Materials | Self-destructed Last Messages --------------- 00501_ W-25 Informer sends out distress signal. 00502_ U-05 Engineer builds a Door. 00504_ T-07 Excavator is excavating. 00508_ Acquired System Shield. 00518_ Acquired Machine Analyzer. 00536_ Acquired EM Pulse Cannon. 00549_ Lgt. Ion Engine destroyed. 00554_ Acquired Mni. Grenade Launcher. 00555_ Lgt. Armor Plating destroyed. 00555_ A-02 Transporter destroyed. 00558_ G-47 Trooper destroyed. 00558_ T-07 Excavator destroyed. 00562_ K-01 Serf collects debris. 00563_ Acquired Lgt. Nuclear Core. 00563_ K-01 Serf collects debris. 00564_ Weight Redist. System destroyed. 00564_ Acquired Prototype Energy Gun. 00564_ Identified Imp. EM Shotgun. 00566_ K-01 Serf collects debris. 00566_ Dropped EM Pulse Cannon. Map ----- +----------------------------------------------------+ | ?????# # T#????#######????? | | ###"## #### * ####### #????? | | * /* / T" #????? | | % [ ^ " +????? | | ^ ?????? | | +"#### = " "###+####+### ! ?????? | | #?## ## ## ## #?????? | | #??# # ] """"" ## ! ## ####### | | #??# # ! ""T"" ##!] ## # | | #??# ## ## / ## / """ | | [ #??# ## " ! ! ## ## # """ | | #??# ## % ## ## # """ | | ####### ######### ## ## =#! | | #???????? ## ##[=%# | | #?????????####?##### ! [%[! ###### | | #???????????????????###### ][[ #?????? | | ######+####???????????????????# ! %= #?????? | | #????????????????????????????# ! = #????## | | #????????????????????????????# #????# | | #????????????????????######### # #????# | | #????????????????????# ## # #????# | | #????????????????????# """ ## ! # #????# | | #????????????????????# """ ## # #????# | | #????????????????????# """ ## # ###### | | ##????????????????????# ## # + | | ??????????????????????# @ ##+#####+## ###### | | ??????????????????????###/##### #????## | | ??????????????????????# #?# #########+##?????? | | ??????????????????????# ### #??????? ??????? | | ??????????????????????# " #???????"""??????? | | ??????????????????????# #####?????? """ ?????? | | ??????????????????????# #?????????? """ ?????? | | ??????????????????????#######????????? ????? | | ?????????????????????????????????????? ????? | | ??????????????????????????????????????#######????? | | | | | | | | | | | | | | | | | | | | | | | | | | | | | | | +----------------------------------------------------+ Best States ------------- Heat Dissipation 31 Energy Generation 14 Energy Capacity 250 Matter Stores 300 Matter Capacity 300 Sight Range 16 Robot Scan Range 14 Terrain Scan Range 16 Terrain Scan Density 10 Additional Mass Support 6 Armor Coverage 150 Evasion (%) 64 Targeting Accuracy 8 Defensive Hacking 10 Item Schematics ----------------- None Robot Schematics ------------------ None Fabricated ------------ Nothing Repaired ---------- Nothing Studied --------- None Alien Tech Used ----------------- None Achievements -------------- None Challenges ------------ None Game ------ Seed ImprinterZioniteShovel Manual? 0 Play Time 00:14:03 Cumulative 47.7 hours Start 2026.09.02 @ 02:42:38 End 2026.09.02 @ 03:15:11 Sessions 1 Manual Loads 0 Difficulty Rogue Special Mode None Game No. 122 Rogue 122 Adventurer 0 Explorer 0 Win Type - Total 3 Types 3/0/0/0/0/0/0/0/0/0 Lore% 46 Gallery% 38 Achievement% 41 Wizard Run 0 Options --------- Layout 2 ASCII 0 Keyboard 0 Movement Mouse Keybinds 0 Fullscreen 1 Font 16/SmallcapsGlow Map View 50x49 Zoom Use 0% Tactical HUD 1 Map Filters NONE Filters NONE Steam SD RUN: fd33a617-558d-4dd7-bed0-15dc6ec56f8d